 Dungeon Crawl Stone Soup version 0.17.1-1-g73c8601 (webtiles) character file.

190 Implojin the Ruffian (level 5, 0/47 HPs)
             Began as a Minotaur Monk on Apr 8, 2016.
             Was a Believer of Cheibriados.
             Slain by a worker ant (3 damage)
             ... on level 6 of the Dungeon.
             The game lasted 00:02:27 (419 turns).

Implojin the Ruffian (Minotaur Monk)                 Turns: 419, Time: 00:02:27

Health: 0/47       AC:  8    Str: 20    XL:     5   Next: 41%
Magic:  4/4        EV:  9    Int: 11    God:    Cheibriados [**....]
Gold:   46         SH:  0    Dex: 17    Spells: 0 memorised, 4 levels left

rFire  . . .     SeeInvis .       - Unarmed
rCold  . . .     Clarity  .     g - +0 chain mail
rNeg   . . .     SustAt   .     (no shield)
rPois  .         Gourm    .     (helmet restricted)
rElec  .         Spirit   .     (no cloak)
rCorr  .         Warding  .     (no gloves)
rMut   .         Stasis   .     (no boots)
MR     .....                    (no amulet)
Stlth  ..........               (no ring)
                                (no ring)

@: lethally poisoned (0 -> -3), very slow, not resistant to hostile
enchantments, extremely unstealthy
A: retaliatory headbutt, horns 2
a: Bend Time, Renounce Religion


You were on level 6 of the Dungeon.
You worshipped Cheibriados.
Cheibriados was pleased with you.
You were not hungry.

You visited 1 branch of the dungeon, and saw 6 of its levels.

You collected 46 gold pieces.

Inventory:

Armour
 a - a +0 robe
 g - a +0 chain mail (worn)
Jewellery
 e - an uncursed ring of wizardry {unknown}
Scrolls
 i - a scroll of identify {unknown}
Potions
 d - a potion of curing {unknown}
 f - a potion of degeneration {unknown}
 h - a potion of cure mutation {unknown}
 j - a potion of invisibility {unknown}
Comestibles
 b - a bread ration
 c - a royal jelly


   Skills:
 * Level 4.4 Fighting
 - Level 3.2 Dodging
 - Level 1.5 Stealth
 - Level 7.0 Unarmed Combat


You had 4 spell levels left.
You didn't know any spells.

Dungeon Overview and Level Annotations

Branches:
Dungeon (6/15)
 Temple: D:4-7

Altars:
Cheibriados
Kikubaaqudgha
Makhleb
Zin
The Shining One


Innate Abilities, Weirdness & Mutations

You reflexively headbutt those who attack you in melee.
You have a pair of horns on your head.


Message History

There is an open door here.
There is a snail-covered altar of Cheibriados here.
You kneel at the altar of Cheibriados.
Cheibriados welcomes you!
Cheibriados begins to support your attributes as your movement slows.
Cheibriados slows and strengthens your metabolism.
Cheibriados raises the support of your attributes as your movement slows. x3
You can now bend time to slow others.
Unknown command.
You open the door.
There is an open door here.
A worker ant comes into view.
The worker ant twitches its antennae in your direction.
The worker ant bites you.
* * * LOW HITPOINT WARNING * * *
You are poisoned.
The worker ant poisons you!
Found a scroll labeled TAOZES VIOVO.
You closely miss the worker ant. You headbutt the worker ant.
The worker ant is moderately wounded.
You feel sick. The worker ant closely misses you.
You closely miss the worker ant.
The worker ant is moderately wounded.
The worker ant bites you but does no damage.
You hit the worker ant.
You headbutt the worker ant, but do no damage.
The worker ant is moderately wounded.
You feel sick. The worker ant bites you.
* * * LOW HITPOINT WARNING * * *
You hit the worker ant.
The worker ant is heavily wounded.
The worker ant bites you.
* * * LOW HITPOINT WARNING * * *
Drink which item? (? for menu, Esc to quit)
Okay, then.
You barely miss the worker ant. Your headbutt misses the worker ant.
The worker ant is heavily wounded.
* * * LOW HITPOINT WARNING * * *
You feel sick. The worker ant bites you.
You die...

..........### #. #+#
#.......... #? #.#
#..........
.##.###.###..........
....###_..'..........
###.###.###.#####.... #.
#.# #.# #....
#.###'###.# #####
#.@.......# ##...#
......a...........#.8.8.
.............###..#.._..
############.# #.8... .#
#...' .# ..##### .#
....... #.##### #...'


You could see a worker ant.

Vanquished Creatures
  Blork the orc (D:5)
  A crimson imp (D:6)
  An orc priest (D:6)
  An iguana (D:5)
  2 adders
  3 orcs
  A goblin (D:1)
  A quokka (D:5)
  2 giant newts
  A kobold (D:3)
  A rat (D:1)
15 creatures vanquished.

Notes
Turn   | Place    | Note
--------------------------------------------------------------
     0 | D:1      | Implojin the Minotaur Monk began the quest for the Orb.
     0 | D:1      | Reached XP level 1. HP: 19/19 MP: 0/0
    84 | D:2      | Reached skill level 5 in Unarmed Combat
    84 | D:2      | Reached XP level 2. HP: 24/26 MP: 1/1
   140 | D:5      | Entered Level 5 of the Dungeon
   162 | D:5      | Reached XP level 3. HP: 21/31 MP: 2/2
   260 | D:5      | Noticed Blork the orc
   269 | D:5      | Killed Blork the orc
   269 | D:5      | Reached skill level 6 in Unarmed Combat
   269 | D:5      | Reached XP level 4. HP: 27/39 MP: 3/3
   333 | D:6      | Found an ancient bone altar of Kikubaaqudgha.
   347 | D:6      | Found a glowing silver altar of Zin.
   352 | D:6      | Found a glowing golden altar of the Shining One.
   359 | D:6      | Reached skill level 7 in Unarmed Combat
   359 | D:6      | Reached XP level 5. HP: 26/45 MP: 4/4
   370 | D:6      | Found a burning altar of Makhleb.
   378 | D:6      | Reached skill level 4 in Fighting
   401 | D:6      | Found a snail-covered altar of Cheibriados.
   407 | D:6      | Became a worshipper of Cheibriados the Contemplative
   407 | D:6      | Reached * piety under Cheibriados
   407 | D:6      | Reached ** piety under Cheibriados
   419 | D:6      | Slain by a worker ant

Action                   |  1- 3 |  4- 6 || total
-------------------------+-------+-------++-------
Melee: Unarmed           |    29 |    23 ||    52
  Use: Potion            |     2 |       ||     2

Table legend:
 A = Turns spent in this place as a percentage of turns spent in the entire game.
 B = Non-inter-level travel turns spent in this place as a percentage of non-inter-level travel turns spent in the entire game.
 C = Inter-level travel turns spent in this place as a percentage of turns spent in this place.
 D = Turns resting spent in this place as a percentage of non-inter-level travel turns spent in this place.
 E = Turns spent auto-exploring this place as a percentage of non-inter-level travel turns spent in this place.
 F = Non-inter-level travel turns spent in this place divided by the number of levels of this place that you've seen.
                   A       B       C       D       E      F
               +-------+-------+-------+-------+-------+----------------------
         Total | 100.0 | 100.0 |   0.0 |   0.0 |   0.0 |  68.3
       Dungeon | 100.0 | 100.0 |   0.0 |   0.0 |   0.0 |  68.3
               +-------+-------+-------+-------+-------+----------------------

Table legend:
 A = Kills in this place as a percentage of kills in entire the game.
 B = Kills by you in this place as a percentage of kills by you in the entire game.
 C = Kills by friends in this place as a percentage of kills by friends in the entire game.
 D = Other kills in this place as a percentage of other kills in the entire game.
 E = Experience gained in this place as a percentage of experience gained in the entire game.
 F = Experience gained in this place divided by the number of levels of this place that you have seen.
                   A       B       C       D       E      F
               +-------+-------+-------+-------+-------+----------------------
         Total | 100.0 | 100.0 |  -nan |  -nan | 100.0 |  45.3
       Dungeon | 100.0 | 100.0 |  -nan |  -nan | 100.0 |  45.3
               +-------+-------+-------+-------+-------+----------------------
